 Dungeon Crawl Stone Soup version 0.29.1-1-gd02db6906a (webtiles) character file.

Game seed: 1527357352159612862

36 Sylpheed74 the Digger (level 3, -10/19 HPs)
             Began as a Gargoyle Earth Elementalist on Sept 26, 2022.
             Mangled by a wight
             ... wielding a +0 great sword
              (19 damage)
             ... on level 3 of the Dungeon.
             The game lasted 00:11:21 (2031 turns).

Sylpheed74 the Digger (Gargoyle Earth Elementalist) Turns: 2031, Time: 00:11:21

Health: -10/19     AC:  5    Str: 11    XL:     3   Next: 37%
Magic:  7/7        EV: 11    Int: 17    God:
Gold:   105        SH:  0    Dex: 10    Spells: 7/8 levels left

rFire   . . .      SeeInvis .   (no weapon)
rCold   . . .      Faith    .   (no shield)
rNeg    + + .      Spirit   .   a - +0 robe
rPois   ∞          Reflect  .   (no helmet)
rElec   +          Harm     .   (no cloak)
rCorr   .          Rampage  .   (no gloves)
Will    .....                   (no boots)
Stlth   ++........              d - amulet of magic regeneration
HPRegen 0.06/turn               q - ring of positive energy
MPRegen 0.50/turn               (no ring)

@: about to teleport
A: sickness immunity, AC +3, negative energy resistance 1, electricity
resistance, torment resistance 1, petrification resistance
a: no special abilities


You were on level 3 of the Dungeon.
You visited 1 branch of the dungeon, and saw 4 of its levels.

You collected 105 gold pieces.

Inventory:

Armour
 a - a +0 robe (worn)
Jewellery
 d - an amulet of magic regeneration (around neck)
 q - a ring of positive energy (left hand)
Scrolls
 c - a scroll of teleportation
 f - 2 scrolls of immolation {unknown}
 g - a scroll of poison {unknown}
 h - a scroll of vulnerability {unknown}
 i - 4 scrolls of identify {unknown}
 l - a scroll of brand weapon {unknown}
 n - a scroll of blinking {unknown}
Potions
 b - 2 potions of magic
 e - a potion of invisibility {unknown}
 j - a potion of might {unknown}
 k - 2 potions of degeneration {unknown}
 m - a potion of brilliance {unknown}
 o - a potion of heal wounds {unknown}
 p - a potion of curing {unknown}
 r - a potion of haste {unknown}
 s - a potion of lignification {unknown}


   Skills:
 - Level 1.5 Dodging
 - Level 2.1 Stealth
 * Level 3.0 Spellcasting
 - Level 0.7 Transmutations
 + Level 4.2 Earth Magic


You had 7 spell levels left.
You knew the following spells:

 Your Spells              Type           Power      Damage    Failure   Level
a - Sandblast             Erth           34%        2d9       3%          1

Your spell library contained the following spells:

 Spells                   Type           Power      Damage    Failure   Level
 Passwall                 Tmut/Erth      9%         N/A       10%         2
 Summon Small Mammal      Summ           8%         N/A       17%         1
 Stone Arrow              Conj/Erth      18%        3d8       22%         3
 Ignite Poison            Fire/Tmut/Pois 3%         N/A       43%         3
 Call Canine Familiar     Summ           2%         N/A       45%         3
 Mephitic Cloud           Conj/Pois/Air  2%         N/A       45%         3
 Summon Guardian Golem    Hex/Summ       2%         N/A       45%         3
 Petrify                  Tmut/Erth      11%        N/A       52%         4
 Freezing Cloud           Conj/Ice/Air   1%         6-21      99%         5


Dungeon Overview and Level Annotations

Branches:
Dungeon (4/15)
 Temple: D:4-7

Altars:

Shops:
D:1 (   D:2 [


Innate Abilities, Weirdness & Mutations

You are immune to sickness and miasma.
Your stone body is resilient. (AC +3)
You are immune to poison.
You resist negative energy. (rN+)
You are resistant to electric shocks. (rElec)
You are resistant to unholy torment.
You are immune to petrification.


Message History

A ball python comes into view.
Found a stone staircase leading down.
The ball python bites you but does no damage.
The ball python barely misses you.
Casting: Sandblast (safe; 3% risk of failure)
Confirm with . or Enter, or press ? or * to list all spells.
Aiming: Sandblast (safe; 3% risk of failure)
Press: ? - help, Shift-Dir - straight line, f - ball python
Aim: a ball python (80% to hit)
You miscast Sandblast.
You are very lightly contaminated with residual magic.
Nothing appears to happen.
The ball python closely misses you. The ball python grabs you.
The ball python constricts you.
Casting: Sandblast (safe; 3% risk of failure)
Confirm with . or Enter, or press ? or * to list all spells.
Aiming: Sandblast (safe; 3% risk of failure)
Press: ? - help, Shift-Dir - straight line, f/p - ball python
Aim: a ball python (constricting you, 80% to hit)
The blast of sand hits the ball python.
You kill the ball python!
You start resting.
Magic restored.
There is a stone staircase leading down here.
Your magical contamination has completely faded away.
You climb downwards.
Found a scroll labelled MIAWUC LAMN.
There is a stone staircase leading up here.
The wight barely misses you. The wight closely misses you.
The wight hits you from afar with a +4 halberd!
Ouch! That really hurt!
The endoplasm quivers.
You climb upwards.
There is a stone staircase leading down here.
Okay, then.
As you read the scroll labelled XAILLEFA EMAPH, it crumbles to dust.
You feel strangely unstable.
It was a scroll of teleportation.
The wight closely misses you.
The wight hits you with a +0 great sword!!
Ouch! That really hurt!
You die...

#.###.#### ###
#.###.#.. ..#
....#.#.# #.#
#.#.#.#.#####.#
#.#........##.#
#.....#.##.##.####
#######.##.......#
#.......##z#
##.#.##.##@#
#.#....##z#
#.#.##.##.#
#.#.##.##.#
#.........#
###.#####.# #.#
#.# #.# #.# ####


You could see 2 wights.

Vanquished Creatures
  A dart slug (D:1)
  An endoplasm (D:1)
  2 giant cockroaches
  7 goblins
  2 hobgoblins
  A quokka (D:2)
  8 ball pythons
  5 bats
  3 frilled lizards (D:1)
  A kobold (D:1)
  A rat (D:2)
32 creatures vanquished.

Vanquished Creatures (others)
  A demonic plant (D:2)
1 creature vanquished.

Grand Total: 33 creatures vanquished

Notes
Turn   | Place    | Note
-------+----------+-------------------------------------------
     0 | D:1      | Sylpheed74 the Gargoyle Earth Elementalist began the quest
                  | for the Orb.
     0 | D:1      | Reached XP level 1. HP: 10/10 MP: 3/3
     2 | D:1      | Found Ineziref's Antique Weapon Shop.
   110 | D:1      | Reached XP level 2. HP: 15/15 MP: 5/5
   360 | D:1      | You fall into a shaft and drop 1 floor!
   444 | D:1      | Reached skill level 4 in Earth Magic
   833 | D:1      | Reached XP level 3. HP: 19/19 MP: 5/7
  1291 | D:2      | Found Odurur's Armour Emporium.
  1788 | D:2      | Found a faded altar of an unknown god.
  1788 | D:2      | Noticed a green death
  2028 | D:4      | Noticed a wight
  2028 | D:4      | Noticed a wight
  2028 | D:4      | Noticed a wight
  2028 | D:4      | Noticed a wight
  2031 | D:3      | Mangled by a wight

Illustrated notes

Levels and vault maps discovered:
D:1:      dpeg_arrival_solitude, layout_loops_ring, serial_shops, shop,
          chequers_serial_rivers_micro_c
D:2:      layout_loops_ring, serial_shops, shop, shop_statue,
          dreamdust_ecumenical_altar_sealed_demon, minmay_shallow_snake_nest
D:3:      layout_loops_cross, lemuel_tele_altar, uniq_jessica
D:4:      layout_basic, mainiacjoe_overflow_divided_tiny,
          kennysheep_generic_room_7

Skill      XL: |  1  2  3 |
---------------+----------+-----
Earth Magic    | 4 |  4.2
Spellcasting   | 3 |  3.0
Dodging        | |  1.5
Stealth        | |  2.1
Transmutations | |  0.7

Action                   || total
-------------------------++-------
 Cast: Sandblast         ||    41
  Use: Scroll            ||     1
Armor: Robe              ||     5
Dodge: Dodged            ||    10
